 Dungeon Crawl Stone Soup version 0.30.0-19-g36f170ea60 (webtiles) character file.

Game seed: 9615000844822603321

37 melkoren the Trooper (level 3, -1/33 HPs)
             Began as a Minotaur Berserker on May 27, 2023.
             Was a Believer of Trog.
             Slain by a gnoll
             ... wielding a +0 spear
              (6 damage)
             ... on level 2 of the Dungeon.
             The game lasted 00:02:47 (1125 turns).

melkoren the Trooper (Minotaur Berserker)           Turns: 1125, Time: 00:02:47

Health: -1/33      AC:  2    Str: 21    XL:     3   Next: 21%
Magic:  2/2        EV: 12    Int:  4    God:    Trog [**....]
Gold:   38         SH:  0    Dex: 11    Spells: 2/2 levels left

rFire   . . .        a - +0 hand axe
rCold   . . .        (no shield)
rNeg    . . .        b - +0 animal skin
rPois   .            (helmet restricted)
rElec   .            (no cloak)
rCorr   .            (no gloves)
SInv    .            (no boots)
Will    .....        h - amulet of magic regeneration
Stlth   +            (no ring)
HPRegen 0.25/turn    (no ring)
MPRegen 0.48/turn

%: no passive effects
@: no status effects
A: horns 2, retaliatory headbutt
a: Renounce Religion, Berserk, Trog's Hand


You were on level 2 of the Dungeon.
You worshipped Trog.
Trog was pleased with you.
You visited 1 branch of the dungeon, and saw 2 of its levels.

You collected 38 gold pieces.

Inventory:

Hand Weapons
 a - a +0 hand axe (weapon)
Armour
 b - a +0 animal skin (worn)
Jewellery
 h - an amulet of magic regeneration (around neck)
Scrolls
 c - a scroll of teleportation
 e - a scroll of blinking
 g - a scroll of identify {unknown}
Potions
 d - a potion of might
 f - a potion of lignification {unknown}


   Skills:
 + Level 4.1 Fighting
 + Level 4.1 Axes
 + Level 3.0 Armour
 + Level 2.7 Dodging


You had 2 spell levels left.
You didn't know any spells.
Your spell library was empty.

Dungeon Overview and Level Annotations

Branches:
Dungeon (2/15)

Altars:


Innate Abilities, Weirdness & Mutations

You have a pair of horns on your head.
You reflexively headbutt those who attack you in melee.


Message History

No target in view!
A quokka comes into view.
No target in view!
No target in view!
No target in view!
No target in view!
You now have 38 gold pieces (gained 13).
A gnoll comes into view. It is wielding a +0 spear.
The gnoll shouts!
You hear a shout! x2
A giant cockroach comes into view.
The gnoll moves out of view.
A kobold comes into view. It is wielding a +0 dagger.
An endoplasm comes into view.
The giant cockroach closely misses you.
You barely miss the giant cockroach.
The giant cockroach bites you but does no damage.
You closely miss the giant cockroach. The giant cockroach barely misses you.
The giant cockroach misses you.
You hit the giant cockroach but do no damage.
You headbutt the giant cockroach.
You kill the giant cockroach!
Trog accepts your kill.
The gnoll hits you from afar with a +0 spear!
The kobold throws a stone.
The stone misses you. The gnoll barely misses you.
You slash the gnoll! You headbutt the gnoll.
The gnoll is severely wounded.
The kobold throws a stone.
The stone hits you but does no damage. The gnoll hits you with a +0 spear!
The kobold throws a stone.
The stone barely misses you. The gnoll hits you with a +0 spear!
You are too injured to fight recklessly!
You are too injured to fight recklessly!
You are too injured to fight recklessly!
You closely miss the gnoll. Your headbutt misses the gnoll.
The gnoll is severely wounded.
The gnoll hits you with a +0 spear!
* * * LOW HITPOINT WARNING * * *
You barely miss the gnoll. Your punch misses the gnoll.
The gnoll is severely wounded.
The gnoll hits you with a +0 spear.
You die...

### .. # #. ###########
#.####.## #.........#
......# #......##.###
#.#†.###...........#
#.##.............#..#.#
#....?K@####.....#.##.#
.....##g# ###.###.##.#
#... ..# #.###.##<##
#.# #... #......)... #
#... #.###†#..#. .....
#.# #.#..#. #.... ..#
..#.... #.....
#.##..#.##. #.##..#.##.


You could see a gnoll and a kobold.

Vanquished Creatures
  2 ball pythons (D:1)
  2 bats (D:1)
  5 endoplasms
  2 giant cockroaches
  5 goblins
  A hobgoblin (D:2)
  4 jackals (D:2)
  2 quokkas
  3 frilled lizards
  2 kobolds
  6 rats
34 creatures vanquished.

Notes
Turn   | Place    | Note
-------+----------+-------------------------------------------
     0 | D:1      | melkoren the Minotaur Berserker began the quest for the
                  | Orb.
     0 | D:1      | Reached XP level 1. HP: 19/19 MP: 0/0
   316 | D:1      | Reached XP level 2. HP: 27/27 MP: 1/1
   753 | D:2      | Reached ** piety under Trog
   816 | D:2      | Reached XP level 3. HP: 29/33 MP: 2/2
  1125 | D:2      | Slain by a gnoll

Illustrated notes

Levels and vault maps discovered:
D:1:      matt_arrival_los_fun, layout_basic, grunt_decor_cap
D:2:      layout_loops_cross

Skill      XL: |  1  2 |
---------------+-------+-----
Fighting       | 4 |  4.1
Armour         | 3 |  3.0
Axes           | 4 |  4.1
Dodging        | |  2.7

Action                     || total
---------------------------++-------
  Melee: Hand axe          ||    65
         Headbutt          ||     8
         Punch             ||     1
    Use: Scroll            ||     3
         Potion            ||     2
 Armour: Animal skin       ||    12
  Dodge: Dodged            ||    46
